AoeStats
← Chris77A

Highland

504748959Analyzed
2v2 RM · 26d ago on Sep 6, 2026· 12m 32s· 4 players
Game mode
Random Map
Map size
Medium (4 player)
Population
200
Speed
Normal
Resources
Standard
Victory
Conquest
Starting age
Dark Age
Ending age
Imperial Age
RankedLock teamsTeams togetherTeam positionsShared explorationLock speedFull tech treeHidden civsTurbo modeCheats
Victory
Defeat
🇬🇧 Berbers · United Kingdom
1291
+13
🇬🇧 Byzantines · United Kingdom
1233
+15
🇩🇪 Malians · Germany
1277
-16
🇩🇪 Burgundians · Germany
1171
-12
BaustellenBizeps
8:42 Loom
11:55 Feudal Age
Zyquore
11:27 Feudal Age
9:45 Loom
Chris77A
2:56 Loom
12:37 Feudal Age
DrunkMonk
4:32 Loom
10:55 Feudal Age
Connection lost

Rejoining the realm…

Still unreachable

The connection could not be restored.

Session expired

The server has moved on; the page needs a fresh start.